General information
- name: BNet
- type: Ladder team game (AT/RT)
- host: Battle.net
- saver: Str82Dragons
map: Deadlock
- players: 8
- length: 23:26
- speed: Fast
- version: 1.26 W3XP
- replay type: Public
» download(151 KB)
Players
team 1 (loser)

»
BrandNewGuy (
pink | 66 APM | 887 actions | 13:30)
2 Keeper of the Grove
1 Entangling Roots
1 Thorns Aura
2 Beastmaster
1 Summon Hawk
1 Summon Bear
» actions
| Assign group hotkey | 10 | |
| Basic commands | 10 | |
| Build / train | 59 | |
| ESC pressed | 1 | |
| Enter build submenu | 18 | |
| Enter hero's abilities submenu | 4 | |
| Right click | 497 | |
| Select / deselect | 203 | |
| Select group hotkey | 42 | |
| Use ability | 43 | |
887 total
» units
| Wisp | 25 | |
| Archer | 6 | |
| Druid of the Claw | 11 | |
| Glaive Thrower | 3 | |
45 total
» upgrades
| Druid of the Claw Training | 2 | |
| Strength of the Wild | 1 | |
| Mark of the Claw | 1 | |
4 total
» buildings
| Altar of Elders | 1 | |
| Moon Well | 6 | |
| Ancient of War | 1 | |
| Hunter's Hall | 1 | |
| Ancient Protector | 4 | |
| Tree of Ages | 1 | |
| Tree of Life | 1 | |
| Ancient of Lore | 3 | |
| Tree of Eternity | 1 | |
19 total
» build order
00:11 Altar of Elders
00:21 Moon Well
00:34 Ancient of War
01:36 Moon Well
02:15 Hunter's Hall
02:34 Moon Well
03:37 Ancient Protector
04:44 Tree of Ages
04:54 Tree of Life
07:10 Ancient of Lore
07:14 Ancient of Lore
07:21 Ancient of Lore
07:26 Tree of Eternity
07:37 Ancient Protector
07:40 Ancient Protector
07:43 Ancient Protector
09:26 Moon Well
10:05 Moon Well
11:02 Moon Well

»
gustamanthes (
purple | 68 APM | 1340 actions | 19:39)
6 Death Knight
2 Unholy Aura
3 Death Coil
1 Animate Dead
» actions
| Assign group hotkey | 13 | |
| Basic commands | 12 | |
| Build / train | 41 | |
| ESC pressed | 3 | |
| Enter build submenu | 24 | |
| Enter hero's abilities submenu | 6 | |
| Remove unit from queue | 2 | |
| Right click | 607 | |
| Select / deselect | 190 | |
| Select group hotkey | 404 | |
| Use ability | 38 | |
1340 total
» units
| Acolyte | 8 | |
| Ghoul | 5 | |
| Crypt Fiend | 8 | |
| Dryad | 4 | |
25 total
» upgrades
| Creature Attack | 2 | |
| Web | 1 | |
| Burrow | 1 | |
| Creature Carapace | 1 | |
5 total
» buildings
| Ziggurat | 10 | |
| Altar of Darkness | 1 | |
| Crypt | 3 | |
| Graveyard | 1 | |
| Halls of the Dead | 1 | |
| Tomb of Relics | 1 | |
| Moon Well | 2 | |
| Black Citadel | 1 | |
| Ancient of Wonders | 1 | |
21 total
» build order
00:53 Ziggurat
00:55 Ziggurat
01:01 Altar of Darkness
01:20 Crypt
02:00 Crypt
03:23 Graveyard
03:27 Ziggurat
03:30 Ziggurat
03:35 Crypt
03:54 Ziggurat
06:20 Ziggurat
06:47 Halls of the Dead
12:50 Tomb of Relics
12:53 Ziggurat
12:54 Ziggurat
13:15 Ziggurat
13:19 Ziggurat
15:47 Moon Well
15:53 Moon Well
16:32 Black Citadel
17:54 Ancient of Wonders
Noobytoe (
orange | 57 APM | 1331 actions | 23:21)
6 Warden
3 Shadow Strike
2 Blink
1 Spirit of Vengeance
1 Dark Ranger
1 Black Arrow
» actions
| Assign group hotkey | 43 | |
| Basic commands | 12 | |
| Build / train | 66 | |
| Enter build submenu | 19 | |
| Enter hero's abilities submenu | 7 | |
| Right click | 761 | |
| Select / deselect | 258 | |
| Select group hotkey | 118 | |
| Use ability | 47 | |
1331 total
» units
| Wisp | 18 | |
| Huntress | 13 | |
| Hippogryph | 6 | |
| Chimaera | 8 | |
45 total
» upgrades
| Strength of the Moon | 1 | |
| Moon Armor | 1 | |
| Upgrade Moon Glaive | 1 | |
| Strength of the Wild | 3 | |
| Well Spring | 1 | |
| Corrosive Breath | 1 | |
| Reinforced Hides | 1 | |
9 total
» buildings
| Altar of Elders | 1 | |
| Moon Well | 8 | |
| Hunter's Hall | 1 | |
| Ancient of War | 2 | |
| Tree of Life | 1 | |
| Tree of Ages | 1 | |
| Tree of Eternity | 1 | |
| Ancient of Wind | 1 | |
| Chimaera Roost | 2 | |
18 total
» build order
00:18 Altar of Elders
00:25 Moon Well
01:32 Hunter's Hall
01:49 Ancient of War
02:06 Moon Well
02:50 Moon Well
03:59 Moon Well
05:54 Ancient of War
06:01 Tree of Life
06:28 Moon Well
07:11 Tree of Ages
10:06 Tree of Eternity
11:02 Ancient of Wind
12:28 Chimaera Roost
12:31 Chimaera Roost
15:14 Moon Well
17:11 Moon Well
18:15 Moon Well
LiLWeeZiana (
teal | 30 APM | 707 actions | 23:24)
2 Demon Hunter
1 Immolation
1 Mana Burn
» actions
| Assign group hotkey | 17 | |
| Build / train | 70 | |
| Enter build submenu | 34 | |
| Enter hero's abilities submenu | 2 | |
| Remove unit from queue | 3 | |
| Right click | 280 | |
| Select / deselect | 239 | |
| Select group hotkey | 12 | |
| Use ability | 50 | |
707 total
» units
| Wisp | 19 | |
| Archer | 15 | |
| Hippogryph | 10 | |
| Dryad | 8 | |
| Crypt Fiend | 4 | |
56 total
» upgrades
| Improved Bows | 1 | |
| Hippogryph Taming | 1 | |
| Strength of the Moon | 1 | |
| Marksmanship | 1 | |
| Abolish Magic | 1 | |
5 total
» buildings
| Moon Well | 9 | |
| Altar of Elders | 1 | |
| Ancient of War | 1 | |
| Tree of Ages | 1 | |
| Hunter's Hall | 1 | |
| Ancient Protector | 14 | |
| Ancient of Wind | 2 | |
| Tree of Life | 1 | |
| Tree of Eternity | 1 | |
| Spirit Tower | 1 | |
32 total
» build order
00:07 Moon Well
00:11 Altar of Elders
00:31 Ancient of War
01:46 Moon Well
01:55 Moon Well
03:47 Tree of Ages
03:55 Hunter's Hall
05:14 Ancient Protector
06:28 Ancient of Wind
06:53 Ancient Protector
07:00 Tree of Life
07:09 Ancient Protector
07:26 Ancient Protector
07:42 Ancient Protector
09:40 Tree of Eternity
10:29 Ancient of Wind
11:34 Moon Well
11:37 Moon Well
13:33 Moon Well
13:36 Moon Well
15:06 Moon Well
15:12 Moon Well
15:21 Ancient Protector
15:33 Ancient Protector
16:33 Ancient Protector
16:36 Ancient Protector
21:47 Ancient Protector
21:51 Ancient Protector
21:53 Ancient Protector
21:57 Ancient Protector
22:05 Ancient Protector
22:10 Spirit Tower
team 2 (winner)

»
PepeLopez (
yellow | 31 APM | 730 actions | 23:25)
5 Tauren Chieftain
3 Shockwave
2 Endurance Aura
3 Shadow Hunter
2 Healing Wave
1 Hex
» actions
| Basic commands | 21 | |
| Build / train | 46 | |
| Enter build submenu | 26 | |
| Enter hero's abilities submenu | 9 | |
| Remove unit from queue | 4 | |
| Right click | 298 | |
| Select / deselect | 268 | |
| Use ability | 58 | |
730 total
» units
| Peon | 8 | |
| Grunt | 5 | |
| Demolisher | 1 | |
| Tauren | 5 | |
| Shaman | 4 | |
23 total
» upgrades
| Shaman Training | 2 | |
| Armor | 2 | |
| Burning Oil | 1 | |
5 total
» buildings
| Altar of Storms | 1 | |
| Orc Burrow | 9 | |
| Barracks | 3 | |
| Voodoo Lounge | 1 | |
| War Mill | 1 | |
| Watch Tower | 3 | |
| Stronghold | 1 | |
| Fortress | 1 | |
| Spirit Lodge | 1 | |
| Great Hall | 2 | |
| Tauren Totem | 2 | |
| Beastiary | 2 | |
27 total
» build order
00:07 Altar of Storms
00:10 Orc Burrow
00:59 Barracks
01:13 Barracks
01:17 Orc Burrow
01:24 Barracks
02:47 Voodoo Lounge
03:03 War Mill
04:24 Watch Tower
04:30 Stronghold
05:33 Watch Tower
06:53 Orc Burrow
06:57 Fortress
07:14 Spirit Lodge
07:42 Orc Burrow
07:52 Watch Tower
08:05 Great Hall
10:16 Tauren Totem
10:40 Tauren Totem
13:21 Orc Burrow
16:49 Orc Burrow
18:33 Orc Burrow
19:31 Orc Burrow
19:36 Orc Burrow
21:27 Great Hall
22:04 Beastiary
22:20 Beastiary
» items
| Healing Salve | 1 | |
| Scroll of Speed | 1 | |
| Scroll of Town Portal | 1 | |
| Potion of Healing | 1 | |
4 total
Str82Dragons (
red | 62 APM | 1452 actions | 23:26)
9 Death Knight
3 Death Coil
3 Unholy Aura
1 Animate Dead
2 Death Pact
» actions
| Assign group hotkey | 234 | |
| Basic commands | 25 | |
| Build / train | 58 | |
| Enter build submenu | 28 | |
| Enter hero's abilities submenu | 11 | |
| Give item / drop item | 2 | |
| Remove unit from queue | 1 | |
| Right click | 693 | |
| Select / deselect | 210 | |
| Select group hotkey | 131 | |
| Use ability | 59 | |
1452 total
» units
| Acolyte | 7 | |
| Ghoul | 5 | |
| Frost Wyrm | 8 | |
20 total
» upgrades
| Creature Attack | 3 | |
| Creature Carapace | 3 | |
| Freezing Breath | 1 | |
7 total
» buildings
| Crypt | 2 | |
| Ziggurat | 11 | |
| Altar of Darkness | 1 | |
| Nerubian Tower | 1 | |
| Halls of the Dead | 1 | |
| Graveyard | 2 | |
| Spirit Tower | 6 | |
| Tomb of Relics | 2 | |
| Black Citadel | 1 | |
| Sacrificial Pit | 2 | |
| Boneyard | 2 | |
31 total
» build order
00:06 Crypt
00:08 Ziggurat
00:44 Altar of Darkness
01:09 Ziggurat
01:33 Nerubian Tower
02:31 Halls of the Dead
02:50 Graveyard
03:08 Ziggurat
03:29 Ziggurat
03:35 Ziggurat
04:14 Spirit Tower
04:23 Spirit Tower
04:28 Spirit Tower
05:04 Tomb of Relics
06:12 Tomb of Relics
06:33 Black Citadel
07:31 Ziggurat
07:35 Ziggurat
07:41 Ziggurat
08:01 Ziggurat
08:16 Sacrificial Pit
08:27 Spirit Tower
08:29 Spirit Tower
09:16 Boneyard
09:19 Boneyard
11:03 Spirit Tower
11:04 Ziggurat
11:09 Ziggurat
11:48 Graveyard
16:44 Sacrificial Pit
20:37 Crypt
» items
| Rod of Necromancy | 1 | |
| Orb of Corruption | 1 | |
| Staff of Teleportation | 1 | |
| Healing Salve | 1 | |
| Scroll of Town Portal | 5 | |
| Scroll of Healing | 1 | |
| Potion of Mana | 1 | |
11 total
its_hypnotic (
blue | 37 APM | 874 actions | 23:25)
7 Mountain King
3 Storm Bolt
2 Bash
2 Avatar
1 Goblin Alchemist
1 Acid Bomb
» actions
| Basic commands | 7 | |
| Build / train | 71 | |
| Enter build submenu | 25 | |
| Enter hero's abilities submenu | 8 | |
| Remove unit from queue | 3 | |
| Right click | 379 | |
| Select / deselect | 316 | |
| Use ability | 65 | |
874 total
» units
| Peasant | 11 | |
| Footman | 3 | |
| Rifleman | 7 | |
| Mortar Team | 7 | |
| Siege Engine | 2 | |
| Flying Machine | 6 | |
36 total
» upgrades
| Defend | 1 | |
| Gunpowder | 2 | |
| Armor | 1 | |
| Fragmentation Shards | 1 | |
| Long Rifles | 1 | |
| Flak Cannons | 1 | |
7 total
» buildings
| Barracks | 3 | |
| Farm | 14 | |
| Altar of Kings | 1 | |
| Lumber Mill | 1 | |
| Scout Tower | 4 | |
| Blacksmith | 1 | |
| Arcane Tower | 1 | |
| Keep | 1 | |
| Arcane Vault | 1 | |
| Castle | 1 | |
| Workshop | 2 | |
| Guard Tower | 1 | |
31 total
» build order
00:09 Barracks
00:22 Farm
00:39 Altar of Kings
00:53 Farm
01:13 Lumber Mill
02:10 Scout Tower
02:41 Blacksmith
02:45 Arcane Tower
02:59 Barracks
03:54 Farm
04:02 Farm
05:03 Keep
05:59 Arcane Vault
07:35 Castle
07:41 Workshop
09:12 Farm
09:12 Farm
09:12 Farm
09:14 Farm
09:14 Farm
09:15 Farm
10:22 Scout Tower
10:24 Scout Tower
10:25 Scout Tower
11:03 Guard Tower
15:08 Farm
15:08 Farm
15:11 Farm
15:13 Farm
17:58 Barracks
22:42 Workshop
» items
| Scroll of Regeneration | 4 | |
| Lesser Clarity Potion | 1 | |
| Boots of Speed | 1 | |
| Circlet of Nobility | 1 | |
| Scroll of Town Portal | 2 | |
| Orb of Lightning | 1 | |
| Potion of Mana | 1 | |
11 total

»
Divine.Being (
green | 50 APM | 1174 actions | 23:25)
7 Blademaster
3 Wind Walk
3 Critical Strike
1 Bladestorm
» actions
| Build / train | 59 | |
| Enter build submenu | 21 | |
| Enter hero's abilities submenu | 8 | |
| Right click | 745 | |
| Select / deselect | 300 | |
| Use ability | 41 | |
1174 total
» units
» upgrades
| Ranged Weapons | 2 | |
| Armor | 2 | |
| Envenomed Spears | 1 | |
| Reinforced Defenses | 1 | |
| Spiked Barricades | 1 | |
7 total
» buildings
| Altar of Storms | 1 | |
| Orc Burrow | 7 | |
| Barracks | 1 | |
| War Mill | 1 | |
| Stronghold | 1 | |
| Fortress | 1 | |
| Beastiary | 3 | |
| Watch Tower | 7 | |
| Great Hall | 1 | |
23 total
» build order
00:22 Altar of Storms
00:37 Orc Burrow
01:05 Barracks
02:05 Orc Burrow
02:22 War Mill
03:50 Stronghold
05:56 Orc Burrow
05:59 Orc Burrow
07:09 Fortress
07:14 Beastiary
07:17 Beastiary
07:20 Beastiary
07:41 Orc Burrow
08:44 Watch Tower
08:47 Watch Tower
08:51 Watch Tower
10:06 Watch Tower
10:09 Watch Tower
10:12 Watch Tower
10:16 Watch Tower
18:21 Great Hall
22:07 Orc Burrow
22:11 Orc Burrow
» items
| Healing Salve | 2 | |
| Lesser Clarity Potion | 1 | |
| Scroll of Town Portal | 1 | |
4 total
Chat log
(00:19 / Allies) Str82Dragons: teching wyrms
(00:25 / Allies) PepeLopez: really?
(00:31 / Allies) its_hypnotic: rifles
(00:34 / Allies) its_hypnotic: here
(00:40 / Allies) Str82Dragons: making builder aco
(00:44 / Allies) PepeLopez: we will be rushed
(00:45 / Allies) its_hypnotic: this isnt a tecjh map
(00:52 / Allies) Str82Dragons: says who
(00:58 / Allies) Str82Dragons: I don't play by the rules
(01:05 / Allies) PepeLopez: says your name
(01:08 / Allies) its_hypnotic: says how clse the players are togather
(01:58 / Allies) its_hypnotic: ill get more first tier untis to help defend him
(02:14 / Allies) Str82Dragons: WHOOPS
(02:17 / Allies) Str82Dragons: didn't start my dk
(02:19 / Allies) its_hypnotic: ?
(02:28 / Allies) Str82Dragons: Let's hope no BM finds its way here
(03:31 / Allies) its_hypnotic: 9/11 today :/
(03:47 / Allies) PepeLopez: yeah..
(03:51 / Allies) PepeLopez: fuck you osama
(03:59 / Allies) its_hypnotic: forreal :/
(04:04 / All) Str82Dragons: a great day in the history of mankind, when a blemish was put upon the invincibility of the most evil empire the world
(04:07 / All) Str82Dragons: has ever seen
(04:14 / Allies) its_hypnotic: lol
(04:17 / All) Noobytoe: shut up homo
(04:22 / Allies) its_hypnotic: im a paramedic
(04:40 / All) Str82Dragons: 9/11 = Bull's Eye
(04:41 / Allies) its_hypnotic: if youve seen some of the shit iv seen you wouldnt act like tht
(04:43 / Allies) Str82Dragons: HELP
(04:57 / Allies) its_hypnotic: coming
(04:59 / All) Noobytoe: cool story bro
(05:30 / All) gustamanthes: we have to remember when usa attacked allend in chile
(05:36 / All) gustamanthes: was 9;11
(05:43 / Allies) Str82Dragons: god that was silly of me
(06:43 / Allies) Str82Dragons: my control groups are all screwy
(06:50 / Allies) Str82Dragons: I'm eating a saugage egg muffin thing
(06:54 / Allies) Str82Dragons: I just woke up 30 minutes ago
(07:29 / All) Str82Dragons: ASL everyone?
(07:42 / All) Noobytoe: 20, M, Your moms room
(07:50 / All) Str82Dragons: what are you doing in there
(07:57 / All) Noobytoe: fucking her brains out
(08:03 / All) Str82Dragons: you're talented
(08:10 / All) Str82Dragons: best multitasker ever
(08:30 / Allies) Str82Dragons: lumbers?
(09:00 / Allies) its_hypnotic: coming
(09:05 / All) Str82Dragons: and here we go
(09:15 / All) BrandNewGuy: Teching on end
(09:15 / All) BrandNewGuy: Rofl
(10:00 / Allies) its_hypnotic: move plz
(10:01 / Allies) PepeLopez: god red you are terrible
(10:05 / Allies) PepeLopez: slow techer
(10:12 / Allies) Str82Dragons: slow and steady
(10:12 / Allies) its_hypnotic: yellow move please
(10:15 / All) BrandNewGuy: lol
(11:20 / All) Str82Dragons: AW SHIT
(11:29 / Allies) its_hypnotic: help
(11:35 / Allies) Str82Dragons: WE DEMAND ADDIITONAL LUMBER
(12:42 / All) Str82Dragons: VICTORY OR VALHALL
(13:03 / Allies) its_hypnotic: coming
(13:07 / Allies) Str82Dragons: lumbers
(13:35 / Allies) its_hypnotic: gg
(13:41 / All) Str82Dragons: guess it wasn't so funny now
(13:47 / All) Str82Dragons: teching on the end
(13:54 / Allies) its_hypnotic: red you did good
(14:42 / Allies) Str82Dragons: all b
(14:44 / Allies) its_hypnotic: im b
(15:20 / Allies) Str82Dragons: come hither green
(15:39 / Allies) its_hypnotic: ima hit here
(15:48 / Allies) Str82Dragons: okay you guys make them tp
(15:56 / Allies) its_hypnotic: kk
(16:24 / Allies) its_hypnotic: ima take out shop
(17:23 / Allies) its_hypnotic: tp
(17:59 / Allies) Str82Dragons: llol
(18:02 / Allies) Str82Dragons: doesn't dismoutn
(18:07 / Allies) its_hypnotic: coming
(18:15 / Allies) its_hypnotic: lol
(18:53 / Allies) its_hypnotic: they suck xD
(19:32 / All) gustamanthes: shit teal
(19:35 / All) gustamanthes: and oj
(19:40 / All) its_hypnotic: ya
(19:44 / All) Str82Dragons: did you not have TP? LOL
(19:49 / All) Str82Dragons: fiend bot
(20:01 / All) Noobytoe: NO
(20:07 / Allies) Str82Dragons: lumbers
(20:18 / All) Noobytoe: SORRY BRO
(20:23 / All) its_hypnotic: lol
(20:46 / All) its_hypnotic: didnt not expect tht
(21:14 / All) Str82Dragons: you awesome orange lol
(21:33 / All) Noobytoe: thanks man
(21:38 / All) Str82Dragons: I mean it
(22:00 / All) Str82Dragons: igger!!!!!
(22:08 / Allies) its_hypnotic: bats
(22:12 / Allies) its_hypnotic: guys get bats
(22:38 / All) LiLWeeZiana: heal
(22:47 / All) Noobytoe: DIE BLUE
(22:49 / All) Noobytoe: NIGGER
(23:13 / All) its_hypnotic: lol